 Dungeon Crawl Stone Soup version 0.31-a0-1074-g0b22e4e0f1 (webtiles) character file.

Game seed: 12088511831109733948

157 lunkers the Ruffian (level 5, 0/40 HPs)
             Began as a Meteoran Shapeshifter on Dec 8, 2023.
             Was an Initiate of Gozag.
             Succumbed to an orc's poison
             ... on level 4 of the Dungeon.
             The game lasted 00:04:29 (1170 turns).

lunkers the Ruffian (Meteoran Shapeshifter)         Turns: 1170, Time: 00:04:29

Health: 0/40       AC:  8    Str: 16    XL:     5   Next: 99%
Magic:  6/6        EV:  7    Int: 11    God:    Gozag
Gold:   115        SH:  0    Dex: 15    Spells: 4/4 levels left

rFire   . .          .
                       - Unarmed
rCold   . . .        (no shield)
rNeg    . . .        k - +0 chain mail
rPois   .            (helmet currently unavailable)
rElec   .            (cloak currently unavailable)
rCorr   .            (gloves currently unavailable)
SInv    .            (boots currently unavailable)
Will    .....        (no amulet) Stlth
                     (no ring)
HPRegen 0.26/turn    (no ring)
MPRegen 0.10/turn

%: no passive effects
@: lethally poisoned (0 -> -8), beast-form, gold aura, glowing
A: beast (slay +2), sense surroundings 1, otherworldly, glowing, explore regen
a: Begin Untransformation, Renounce Religion, Potion Petition, Call Merchant,
Bribe Branch


You were on level 4 of the Dungeon.
You worshipped Gozag.
Gozag was aware of your devotion.
You were a hulking beast.
You visited 1 branch of the dungeon, and saw 4 of its levels.

You collected 148 gold pieces.
You paid 33 gold pieces to Gozag.

Inventory:

Armour
 a - a +0 animal skin
 f - a +0 scale mail
 k - a +0 chain mail (worn)
 l - a +0 ring mail
 p - a +0 pair of gloves
Talismans
 c - a beast talisman
 d - a flux talisman
 m - a maw talisman
Scrolls
 e - a scroll of revelation {unknown}
 h - a scroll of enchant weapon {unknown}
 j - a scroll of noise {unknown}
 n - a scroll of poison {unknown}
Potions
 b - a potion of mutation {unknown}
 g - a potion of curing
 i - a potion of haste {unknown}
 o - a potion of might {unknown}


   Skills:
 - Level 1.1 Fighting
 - Level 2.1 Dodging
 * Level 6.1 Unarmed Combat
 + Level 4.8 Shapeshifting


You had 4 spell levels left.
You didn't know any spells.
Your spell library contained the following spells:

 Spells                   Type           Power      Damage    Failure   Level
 Apportation              Tloc           0%         N/A       99%         1
 Necrotise                Necr           0%         1d4       99%         1
 Summon Small Mammal      Summ           0%         N/A       99%         1
 Inner Flame              Hex/Fire       0%         N/A       100%        3
 Flame Wave               Conj/Fire      0%         2d4       100%        4
 Manifold Assault         Tloc           0%         N/A       100%        4
 Sticky Flame             Conj/Fire      0%         2d3       100%        4
 Dispersal                Tloc           0%         N/A       100%        6
 Disjunction              Tloc           0%         N/A       100%        8


Dungeon Overview and Level Annotations

Branches:
Dungeon (4/15) Zot: 1244
 Temple: D:4-7

Altars:
Gozag
Ru

Shops:
D:3 ?


Innate Abilities, Weirdness & Mutations

You are a hulking beast.
Your limbs bulge with bestial killing power. (Slay +2)
You passively map a small area around you.
You are easily found by Zot.
You glow in the dark.
You regain HP and MP as you explore.


Message History

* * * LOW HITPOINT WARNING * * *
You feel very sick.
The orc hits you with a +2 dagger of venom.
* * * LOW HITPOINT WARNING * * *
You are more poisoned.
The orc barely misses you.
It was a potion of curing.
You feel better. The orc hits you but does no damage.
You are poisoned.
The orc barely misses you.
You closely miss the orc.
The orc is moderately wounded.
You feel very sick.
The orc hits you with a +2 dagger of venom.
* * * LOW HITPOINT WARNING * * *
You are lethally poisoned!
The orc hits you but does no damage.
You hit the orc.
The orc is moderately wounded.
* * * LOW HITPOINT WARNING * * *
You feel very sick. The orc hits you but does no damage.
The orc barely misses you.
You closely miss the orc.
The orc is moderately wounded.
* * * LOW HITPOINT WARNING * * *
You feel very sick. The orc hits you but does no damage. x2
You hit the orc.
The orc is severely wounded.
* * * LOW HITPOINT WARNING * * *
You feel very sick. The orc completely misses you. The orc closely misses you.
You hit the orc.
You kill the orc!
* * * LOW HITPOINT WARNING * * *
You feel sick.
You punch the orc!
You kill the orc!
You die...
Your body crumbles into a pile of gold.

#.................
#....>............
#<................
#.................
#.^..............#
#.........########
#..##...#..# * *
##$.##..#...# *
#$h##..##........#
......$$....##.........
............!.....###..
.................## * #
#####.#........... ,,
#.#...####...##*
#...#.# ###.# #.....#
,*


There were no monsters in sight!

Vanquished Creatures
  An iguana (D:4)
  2 orc wizards (D:3)
  3 adders
  2 worms (D:2)
  8 orcs
  3 ball pythons
  4 endoplasms
  4 goblins
  5 hobgoblins
  3 bats
  A frilled lizard (D:1)
  7 kobolds
  9 rats
52 creatures vanquished.

Vanquished Creatures (others)
  An orc wizard (D:3)
1 creature vanquished.

Grand Total: 53 creatures vanquished

Notes
Turn   | Place    | Note
-------+----------+-------------------------------------------
     0 | D:1      | lunkers the Meteoran Shapeshifter began the quest for the
                  | Orb.
     0 | D:1      | Reached XP level 1. HP: 16/16 MP: 2/2
    73 | D:1      | Reached XP level 2. HP: 16/23 MP: 3/3
   101 | D:1      | Reached skill level 4 in Unarmed Combat
   192 | D:1      | Found a faded altar of an unknown god.
   340 | D:2      | Reached XP level 3. HP: 23/28 MP: 4/4
   495 | D:2      | Reached XP level 4. HP: 32/35 MP: 5/5
   533 | D:2      | Reached skill level 5 in Unarmed Combat
   775 | D:3      | Found an opulent altar of Gozag.
   778 | D:3      | Became a worshipper of Gozag Ym Sagoz the Greedy
   789 | D:3      | Found a sacrificial altar of Ru.
   879 | D:3      | Found Zaeteim's Magic Scroll Emporium.
   937 | D:3      | Reached XP level 5. HP: 15/40 MP: 6/6
  1125 | D:4      | Reached skill level 6 in Unarmed Combat
  1169 | D:4      | HP: 2/40 [poisoned by an orc]
  1170 | D:4      | Succumbed to an orc's poison

Illustrated notes

Levels and vault maps discovered:
D:1:      nzn_arrival_crosshair, layout_basic,
          shapermc_ecumenical_altar_totnotflames, minivault_11
D:2:      layout_basic
D:3:      layout_rooms, mainiacjoe_overflow_swirl, serial_shops, shop
D:4:      layout_rooms, vehumet_crystals, mainiacjoe_overflow_chevrons,
          nicolae_kite_square_tiling_tiny

Skill      XL: |  1  2  3  4  5 |
---------------+----------------+-----
Unarmed Combat | 4 5 6 |  6.1
Shapeshifting  | 4 |  4.8
Fighting       | |  1.1
Dodging        | |  2.1

Action                     |  1- 3 |  4- 6 || total
---------------------------+-------+-------++-------
  Melee: Unarmed           |    61 |    88 ||   149
         Punch             |       |     1 ||     1
    Use: Potion            |       |     2 ||     2
 Armour: Animal skin       |     8 |       ||     8
         Scale mail        |    21 |     5 ||    26
         Chain mail        |       |    62 ||    62
         Skin              |       |     4 ||     4
  Dodge: Dodged            |    26 |    26 ||    52

Table legend: (Time is in decaauts)
 A = Elapsed time spent in this place.
 B = Non-inter-level travel time spent in this place.
 C = Inter-level travel time spent in this place.
 D = Time resting spent in this place.
 E = Time spent auto-exploring this place.
 F = Levels seen in this place.
 G = Mean time per level.
                   A        B        C        D        E       F      G
               +--------+--------+--------+--------+--------+-----+--------+
         Total |   1155 |   1089 |     66 |     34 |    631 |   4 |  288.8 |
       Dungeon |   1155 |   1089 |     66 |     34 |    631 |   4 |  288.8 |
               +--------+--------+--------+--------+--------+-----+--------+

Top non-repeatable levels by time:
     D:3: 463 daAuts
     D:1: 330 daAuts
     D:2: 309 daAuts
     D:4: 52 daAuts
